 Dungeon Crawl Stone Soup version 0.30-a0-165-g1891117ce2 (webtiles) character file.

Game seed: 8382565899916638204

56 Sobieck the Trooper (level 4, -1/29 HPs)
             Began as a Kobold Fighter on Sept 28, 2022.
             Slain by Natasha (7 damage)
             ... on level 3 of the Dungeon.
             The game lasted 00:02:38 (3029 turns).

Sobieck the Trooper (Kobold Fighter)                Turns: 3029, Time: 00:02:39

Health: -1/29      AC:  6    Str: 15    XL:     4   Next: 17%
Magic:  4/4        EV: 10    Int:  9    God:
Gold:   181        SH:  5    Dex: 14    Spells: 3/3 levels left

rFire   . . .      SeeInvis +    a - +0 flail {mace}
rCold   . . .      Faith    .    c - +0 buckler
rNeg    . . .      Spirit   .    b - +0 scale mail
rPois   .          Reflect  .    (no helmet)
rElec   .          Harm     .    (no cloak)
rCorr   .          Rampage  .    (no gloves)
Will    .....                    (no boots)
Stlth   +.........               (no amulet)
HPRegen 0.09/turn                p - ring of see invisible
MPRegen 0.09/turn                (no ring)

@: no status effects
A: small, no large weapons, nightstalker 3
a: no special abilities


You were on level 3 of the Dungeon.
You visited 1 branch of the dungeon, and saw 4 of its levels.

You collected 181 gold pieces.


Innate Abilities, Weirdness & Mutations

You are small and have problems with some larger weapons.
You are completely attuned to the shadows.


   Skills:
 + Level 3.7 Fighting
 * Level 2.7 Maces & Flails
 + Level 2.7 Armour
 + Level 2.8 Shields


You had 3 spell levels left.
You didn't know any spells.
Your spell library contained the following spells:

 Spells                   Type           Power      Damage    Failure   Level
 Gell's Gravitas          Tloc           0%         N/A       100%        3
 Lesser Beckoning         Tloc           0%         N/A       100%        3
 Teleport Other           Tloc           0%         N/A       100%        3
 Tukima's Dance           Hex            0%         N/A       100%        3
 Passage of Golubria      Tloc           0%         N/A       100%        4
 Summon Ice Beast         Ice/Summ       0%         N/A       100%        4
 Summon Mana Viper        Hex/Summ       0%         N/A       100%        5
 Yara's Violent Unravell  Hex/Tmut       0%         3d3       100%        5
 Monstrous Menagerie      Summ           0%         N/A       100%        7

Inventory:

Hand Weapons
 a - a +0 flail (weapon) {mace}
 j - a +1 antimagic dagger {short}
   (You took it off a kobold on level 1 of the Dungeon)
Missiles
 f - 26 stones (quivered) {throwing}
 t - 7 boomerangs {throwing}
Armour
 b - a +0 scale mail (worn)
 c - a +0 buckler (worn)
 l - a +0 robe
   (You found it on level 2 of the Dungeon)
 o - a +0 chain mail
   (You found it on level 2 of the Dungeon)
 s - a +0 ring mail
   (You found it on level 2 of the Dungeon)
Jewellery
 k - an amulet of faith {!P}
   (You found it on level 2 of the Dungeon)
 p - a ring of see invisible (left hand)
   (You found it on level 2 of the Dungeon)
Scrolls
 e - a scroll of teleportation {unknown}
 h - 4 scrolls of identify {unknown}
 m - a scroll of amnesia {unknown}
 r - 2 scrolls of enchant weapon {unknown}
Potions
 d - a potion of might
 g - 2 potions of mutation {unknown}
 i - 2 potions of degeneration {unknown}
 n - a potion of invisibility {unknown}
 q - a potion of curing {unknown}
 u - a potion of magic {unknown}

Dungeon Overview and Level Annotations

Branches:
Dungeon (4/15) Zot: 20922
 Temple: D:4-7

Altars:

Annotations:
D:3 Natasha

...###.#.#
.. #.#.# .
#.#.#
#.#.#
#.#.#
#.#)#
#.#.#
#.#.##
#..@ยง#
#5.h....
##...###
##.## .[.


You could see Natasha and a crimson imp (summoned).


Message History

You feel very sick. The adder closely misses you.
You barely miss the adder.
You feel sick. The adder barely misses you.
The adder bites you but does no damage.
You are too injured to fight recklessly!
You are too injured to fight recklessly!
Unknown command.
You thump the adder!
You kill the adder!
You feel sick.
You have reached level 4!
You feel sick.
You feel sick.
You feel sick.
You are no longer poisoned.
You now have 181 gold pieces (gained 6).
s - a +0 ring mail You open the door.
There is an open door here.
h - 4 scrolls labelled QORIXZI XAXKU (gained 1)
You open the door.
There is an open door here.
t - 6 boomerangs {throwing} Done exploring.
Done exploring.
(D) Dungeon
Where to? (Enter - D:2, ? - help)
There is a stone staircase leading down here.
You climb downwards.
There is a stone staircase leading up here.
Unknown command.
Unknown command.
You enter the shallow water.
Moving in this stuff is going to be slow.
You enter the shallow water.
Moving in this stuff is going to be slow.
You enter the shallow water.
Moving in this stuff is going to be slow.
You enter the shallow water.
Moving in this stuff is going to be slow.
An orc comes into view. It is wielding a +0 hand axe.
The orc shouts!
Danger!
You barely miss the orc. The orc hits you with a +0 hand axe.
You barely miss the orc. You block the orc's attack.
You closely miss the orc. The orc hits you but does no damage.
The orc jeers to no one in particular.
The orc closely misses you.
You hit the orc. The orc hits you with a +0 hand axe.
You hit the orc. The orc hits you with a +0 hand axe.
You hit the orc.
You kill the orc!
No target in view!
No target in view!
t - 7 boomerangs {throwing} (gained 1)
You see here a +0 hand axe {axe}.
Found a stone staircase leading up.
Unknown command.
There is a stone staircase leading up here.
u - a fuming amethyst potion Unknown command.
You see here a +0 long sword {long}.
Natasha, Servant of Life and Death comes into view.
Natasha hisses angrily.
Natasha casts a spell at you. You resist with some effort.
Danger!
Unknown command.
Natasha completely misses you.
Unknown command.
You closely miss Natasha. Natasha claws you but does no damage.
You block Natasha's attack.
Unknown command.
You barely miss Natasha. Natasha claws you.
Unknown command.
You hit Natasha but do no damage. Natasha claws you.
You barely miss Natasha. Natasha barely misses you. Natasha misses you.
Unknown command.
You closely miss Natasha. Natasha claws you but does no damage.
Unknown command.
You miss Natasha. Natasha claws you.
Unknown command.
You hit Natasha. Natasha claws you.
* * * LOW HITPOINT WARNING * * *
Natasha barely misses you.
You completely miss Natasha. Natasha barely misses you.
Unknown command.
Unknown command.
You barely miss Natasha. Natasha claws you but does no damage.
You closely miss Natasha.
Natasha casts a spell.
Unknown command.
You miss Natasha. You block Natasha's attack.
The crimson imp hits you but does no damage.
Natasha casts a spell at you. The magic dart hits you.
* * * LOW HITPOINT WARNING * * *
Unknown command.
You closely miss Natasha.
The crimson imp blinks!
Natasha claws you!
You die...

Skill      XL: |  1 |
---------------+----+-----
Maces & Flails | 2 |  2.7
Fighting       | |  3.7
Armour         | |  2.7
Shields        | |  2.8

Action                   |  1- 3 |  4- 6 || total
-------------------------+-------+-------++-------
Melee: Flail             |   111 |    18 ||   129
 Stab: Sleeping          |     1 |       ||     1
Armor: Scale mail        |    39 |     5 ||    44
Dodge: Dodged            |    61 |     6 ||    67
Block: Buckler           |    33 |     3 ||    36

Levels and vault maps discovered:
D:1:      heliophobic_arrival_enchanted_forest, layout_loops_ring,
          serial_forest, infiniplex_forest_lined_room_3,
          infiniplex_forest_clump_medium, infiniplex_forest_clump_curved,
          infiniplex_forest_lined_3, infiniplex_forest_lined_room_3,
          infiniplex_forest_lined_2, infiniplex_forest_end_1,
          infiniplex_forest_straight_2, infiniplex_forest_corner_2,
          hellmonk_ecumenical_altar_pennies_from_heaven
D:2:      minmay_alternating_diamond, layout_basic
D:3:      layout_loops_ring, mainiacjoe_overflow_alcove_2,
          okawaru_ov_weapons_minmay, chequers_serial_rivers_small_b,
          uniq_natasha
D:4:      layout_cave_pools, kennysheep_mini_moat, serial_glass,
          glass_columns_a, glass_columns_c, kennysheep_donut,
          nicolae_shop_fire_sale [nicolae_sub_dead_trees]

Notes
Turn   | Place    | Note
-------+----------+-------------------------------------------
     0 | D:1      | Sobieck the Kobold Fighter began the quest for the Orb.
     0 | D:1      | Reached XP level 1. HP: 14/14 MP: 1/1
    19 | D:1      | You pick up a book of Displacement and begin reading...
    19 | D:1      | You add the spells Lesser Beckoning, Gell's Gravitas and
                  | Teleport Other to your library.
    35 | D:1      | Reached skill level 2 in Maces & Flails
    80 | D:1      | Reached XP level 2. HP: 19/19 MP: 2/2
   103 | D:1      | You pick up a book of Beasts and begin reading...
   103 | D:1      | You add the spells Summon Ice Beast, Summon Mana Viper and
                  | Monstrous Menagerie to your library.
   621 | D:1      | You add the spells Tukima's Dance, Passage of Golubria and
                  | Yara's Violent Unravelling to your library.
   658 | D:1      | Reached XP level 3. HP: 23/23 MP: 3/3
   782 | D:1      | Found a faded altar of an unknown god.
  1313 | D:2      | HP: 5/23 [poisoned by an adder]
  2195 | D:2      | You fall into a shaft and drop 2 floors!
  2684 | D:2      | Reached XP level 4. HP: 21/29 MP: 4/4
  3015 | D:3      | Noticed Natasha
  3028 | D:3      | HP: 6/29 [Natasha/magic dart (6)]
  3029 | D:3      | Slain by Natasha

Vanquished Creatures
  2 adders (D:2)
  A dart slug (D:1)
  2 orcs (D:3)
  5 bats
  5 endoplasms
  4 giant cockroaches
  A goblin (D:1)
  4 hobgoblins
  3 kobolds
  A ball python (D:1)
  2 frilled lizards (D:1)
  4 rats
34 creatures vanquished.

Table legend:
 A = Non-vault XP
 B = Vault XP
 C = Vault XP percentage of total XP
 D = Non-vault monster count
 E = Vault monster count
 F = Vault count percentage of total count
                 A         B        C        D         E       F
            +---------+---------+-------+---------+---------+-------
      Total |      66 |      15 |  18.5 |      31 |       3 |   8.8
            +---------+---------+-------+---------+---------+-------
        D:1 |      32 |       0 |   0.0 |      19 |       0 |   0.0
        D:2 |      21 |      15 |  41.7 |       6 |       3 |  33.3
        D:3 |       9 |       0 |   0.0 |       4 |       0 |   0.0
        D:4 |       4 |       0 |   0.0 |       2 |       0 |   0.0
            +---------+---------+-------+---------+---------+-------

Illustrated notes

Table legend:
 A = Kills in this place as a percentage of kills in entire the game.
 B = Kills by you in this place as a percentage of kills by you in the entire game.
 C = Kills by friends in this place as a percentage of kills by friends in the entire game.
 D = Other kills in this place as a percentage of other kills in the entire game.
 E = Experience gained in this place as a percentage of experience gained in the entire game.
 F = Experience gained in this place divided by the number of levels of this place that you have seen.
                   A       B       C       D       E      F
               +-------+-------+-------+-------+-------+----------------------
         Total | 100.0 | 100.0 |   N/A |   N/A | 100.0 |  20.2
       Dungeon | 100.0 | 100.0 |   N/A |   N/A | 100.0 |  20.2
               +-------+-------+-------+-------+-------+----------------------

Table legend: (Time is in decaauts)
 A = Elapsed time spent in this place.
 B = Non-inter-level travel time spent in this place.
 C = Inter-level travel time spent in this place.
 D = Time resting spent in this place.
 E = Time spent auto-exploring this place.
 F = Levels seen in this place.
 G = Mean time per level.
                   A        B        C        D        E       F      G
               +--------+--------+--------+--------+--------+-----+--------+
         Total |   3076 |   3008 |     68 |    478 |   2247 |   4 |  769.0 |
       Dungeon |   3076 |   3008 |     68 |    478 |   2247 |   4 |  769.0 |
               +--------+--------+--------+--------+--------+-----+--------+

Top non-repeatable levels by time:
     D:2: 1643 daAuts
     D:1: 1102 daAuts
     D:3: 293 daAuts
     D:4: 37 daAuts
